 Dungeon Crawl Stone Soup version 0.22.1-2-g9c5b331 (webtiles) character file.

913 spiff the Magician (level 7, 16/50 HPs)
             Began as a Purple Draconian Venom Mage on Nov 21, 2018.
             Was a Follower of Vehumet.
             Quit the game on level 6 of the Dungeon.
             The game lasted 00:15:17 (5667 turns).

spiff the Magician (Purple Draconian Venom Mage)    Turns: 5667, Time: 00:15:18

Health: 16/50      AC:  7    Str: 15    XL:     7   Next: 82%
Magic:  24/24      EV: 14    Int: 18    God:    Vehumet [*.....]
Gold:   213        SH:  4    Dex: 11    Spells: 11/17 levels left

rFire    . . .     SeeInvis .   s - +1 hand axe (vamp)
rCold    . . .     Gourm    .   z - +0 buckler
rNeg     . . .     Faith    .   (armour unavailable)
rPois    .         Spirit   .   y - +1 hat
rElec    .         Reflect  .   (no cloak)
rCorr    .         Harm     .   (no gloves)
MR       +....                  (no boots)
Stlth    ++........             p - amulet of regeneration
HPRegen  0.56/turn              j - ring of magical power
MPRegen  0.19/turn              f - +3 ring of evasion

@: mighty, lethally poisoned (16 -> -3)
A: breathe power, unfitting armour, cold-blooded, AC +6
a: Breathe Dispelling Energy, Renounce Religion


You were on level 6 of the Dungeon.
You worshipped Vehumet.
Vehumet was aware of your devotion.
You were hungry.

You visited 2 branches of the dungeon, and saw 7 of its levels.

You collected 213 gold pieces.

Inventory:

Hand Weapons
 e - a +0 mace
 i - a +0 whip
 o - a +1 dagger of draining
 s - a +1 vampiric hand axe (weapon)
Armour
 y - a +1 hat (worn)
 z - a +0 buckler (worn)
Jewellery
 f - a +3 ring of evasion (right hand)
 j - a ring of magical power (left hand)
 k - an uncursed ring of stealth
 p - an amulet of regeneration (around neck)
Scrolls
 a - a scroll of blinking {unknown}
 c - 9 scrolls of teleportation {unknown}
 d - 4 scrolls of fear {unknown}
 l - 2 scrolls of amnesia {unknown}
 v - a scroll of noise {unknown}
 w - a scroll of remove curse {unknown}
 x - a scroll of enchant weapon {unknown}
 A - 3 scrolls of immolation {unknown}
 C - a scroll of identify
Potions
 g - a potion of might
 h - 2 potions of heal wounds
 m - a potion of haste
 n - 2 potions of flight
 q - 2 potions of lignification
 r - 3 potions of curing
 t - a potion of invisibility {unknown}
 u - a potion of berserk rage {unknown}
 B - a potion of ambrosia {unknown}
Comestibles
 b - 5 rations
 D - 2 chunks of flesh


   Skills:
 - Level 1.7 Dodging
 - Level 1.7 Stealth
 + Level 1.7 Shields
 + Level 5.9 Spellcasting
 + Level 5.0 Conjurations
 + Level 5.8 Poison Magic


You had 11 spell levels left.
You knew the following spells:

 Your Spells              Type           Power        Failure   Level  Hunger
a - Sting                 Conj/Pois      ###.         1%          1    None
b - Poisonous Vapours     Pois/Air       ###...       7%          2    None
c - Mephitic Cloud        Conj/Pois/Air  ###.....     11%         3    ##.....

Your spell library contained the following spells:

 Spells                   Type           Power        Failure   Level  Hunger
 Sandblast                Erth           #.....       16%         1    None
 Olgreb's Toxic Radiance  Pois           ####....     14%         4    ####...
 Venom Bolt               Conj/Pois      ###.......   43%         5    #####..


Dungeon Overview and Level Annotations

Branches:
Dungeon (6/15)             Temple (1/1) D:4

Altars:
Ashenzari
Cheibriados
Dithmenos
Elyvilon
Fedhas
Gozag
Hepliaklqana
Kikubaaqudgha
Makhleb
Nemelex Xobeh
Okawaru
Qazlal
Ru
Sif Muna
Trog
Uskayaw
Vehumet
Wu Jian
Xom
Yredelemnul
Zin
The Shining One

Annotations:
D:5 3 runed doors, Loge's ghost, novice OpWz


Innate Abilities, Weirdness & Mutations

You can breathe bolts of dispelling energy.
Your rich purple scales are hard. (AC +6)
You cannot fit into any form of body armour.
You are cold-blooded and may be slowed by cold attacks.


Message History

You feel sick. The water moccasin bites you! The water moccasin misses you.
You barely miss the water moccasin.
The water moccasin is lightly wounded.
You have got your breath back.
You feel sick. You block the water moccasin's attack.
The water moccasin completely misses you.
You miss the water moccasin.
The water moccasin is lightly wounded.
You feel sick. The water moccasin bites you.
You are more poisoned.
The water moccasin poisons you! You block the water moccasin's attack.
You barely miss the water moccasin.
The water moccasin is lightly wounded.
You feel very sick. The water moccasin barely misses you.
The water moccasin bites you.
You are lethally poisoned!
The water moccasin poisons you!
Quiver which item? (- for none, * to show all) (? for menu, Esc to quit)
Okay, then.
Are you sure you want to abandon this character and quit the game? (Confirm

....... ######.>..............#
.........#.>....................
..............###.#####.###.##.#
.........###..# #.# #.# ...#
....... ###..# #.# #.#####..#
#...?..###....###.. #...#.....
#.........##...# . # ###.......
#####..#######.##..# ###.....
...........####@..# #.....
.............nS##.....# #.....
.......###..##.# ##.#.# #.....
....... ##.##... # #.....
....... #....### ####.. .......
####.. #.. .(..... ##.. #.. ...!
.. .# ##. .. ..### #)


You could see a water moccasin and a necrophage.

Vanquished Creatures
  Eustachio (D:5)
  An orc warrior (D:6)
  2 howler monkeys
  A jelly (D:6)
  2 hounds (D:5)
  4 orc wizards
  An iguana (D:4)
  Jessica (D:3)
  6 worker ants
  4 adders (D:2)
  4 gnolls (D:3)
  3 adder zombies (D:6)
  3 worms
  4 dart slugs
  3 leopard geckos
  17 orcs
  A ball python (D:1)
  5 giant cockroaches
  10 hobgoblins
  7 kobolds
  A quokka (D:2)
  5 bats
  7 frilled lizards
  9 goblins
  A leopard gecko skeleton (D:4)
  A quokka skeleton (D:5)
  4 rats
108 creatures vanquished.

Notes
Turn   | Place    | Note
-------+----------+-------------------------------------------
     0 | D:1      | spiff the Draconian Venom Mage began the quest for the Orb.
     0 | D:1      | Reached XP level 1. HP: 14/14 MP: 3/3
   344 | D:1      | Reached XP level 2. HP: 20/20 MP: 3/5
   940 | D:1      | Learned a level 2 spell: Poisonous Vapours
  1229 | D:2      | Reached XP level 3. HP: 26/26 MP: 0/6
  1557 | D:2      | Reached XP level 4. HP: 33/33 MP: 1/8
  2496 | D:3      | Learned a level 3 spell: Mephitic Cloud
  2750 | D:3      | Reached XP level 5. HP: 38/38 MP: 9/9
  3116 | D:3      | Noticed Jessica
  3126 | D:3      | Killed Jessica
  3556 | D:4      | Found a staircase to the Ecumenical Temple.
  3574 | Temple   | Entered the Ecumenical Temple
  3789 | Temple   | Became a worshipper of Vehumet
  3926 | D:4      | Reached XP level 6. HP: 45/45 MP: 10/11
  4112 | D:4      | Found a deep blue altar of Sif Muna.
  4112 | D:4      | Found a glowing golden altar of the Shining One.
  4491 | D:5      | Entered Level 5 of the Dungeon
  4518 | D:5      | Reached skill level 5 in Poison Magic
  4551 | D:5      | Noticed Eustachio
  4566 | D:5      | Killed Eustachio
  4566 | D:5      | Your scales start taking on a rich purple colour.
  4566 | D:5      | Reached skill level 5 in Spellcasting
  4566 | D:5      | Reached XP level 7. HP: 50/50 MP: 10/14
  4773 | D:5      | Found a runed gate.
  4774 | D:5      | Found a runed gate.
  4775 | D:5      | Found a runed gate.
  4777 | D:5      | Noticed Loge's ghost (novice OpWz)
  4862 | D:5      | Found a basalt altar of Yredelemnul.
  4939 | D:5      | Found a white marble altar of Elyvilon.
  5295 | D:6      | Reached skill level 1 in Shields
  5468 | D:6      | Reached * piety under Vehumet
  5468 | D:6      | Offered knowledge of Sandblast by Vehumet.
  5627 | D:6      | Reached skill level 5 in Conjurations
  5667 | D:6      | Quit the game

Skill      XL: |  1  2  3  4  5  6  7 |
---------------+----------------------+-----
Conjurations   | 2 3 4 5 |  5.0
Spellcasting   | 3 5 |  5.9
Poison Magic   | 4 5 |  5.8
Shields        | 1 |  1.7
Dodging        | |  1.7
Stealth        | |  1.7

Action                   |  1- 3 |  4- 6 |  7- 9 || total
-------------------------+-------+-------+-------++-------
Melee: Mace              |    14 |       |       ||    14
       Whip              |     3 |       |       ||     3
       Dagger            |     1 |    13 |       ||    14
       Hand axe          |       |    28 |    79 ||   107
       Tailslap          |       |     4 |     8 ||    12
 Cast: Sting             |    50 |    16 |       ||    66
       Poisonous Vapours |     6 |    73 |    20 ||    99
       Mephitic Cloud    |       |     1 |     2 ||     3
 Abil: Breathe Dispellin |       |       |     1 ||     1
  Use: Scroll            |       |     8 |       ||     8
       Potion            |       |       |     1 ||     1
 Stab: Sleeping          |       |     1 |       ||     1
       Distracted        |       |     1 |       ||     1
  Eat: Chunk             |     3 |    10 |     4 ||    17
       Ration            |       |     2 |       ||     2
Armor: Skin              |    12 |    11 |    30 ||    53
Dodge: Dodged            |    23 |    25 |    73 ||   121
Block: Buckler           |       |       |    12 ||    12
